 Dungeon Crawl Stone Soup version 0.27.1-2-g3b301248ec (webtiles) character file.

Game seed: 2003319410469488874

3 Descartes the Sneak (level 1, -3/10 HPs)
             Began as a Felid Delver on Oct 2, 2021.
             Slain by a scorpion (6 damage)
             ... on level 5 of the Dungeon.
             The game lasted 00:01:27 (122 turns).

Descartes the Sneak (Felid Delver)                   Turns: 122, Time: 00:01:28

Health: -3/10      AC:  1    Str:  8    XL:     1   Next: 41%
Magic:  2/2        EV: 17    Int: 11    God:
Gold:   8          SH:  0    Dex: 17    Spells: 0/0 levels left
                                        Lives:  0   Deaths: 0

rFire    . . .     SeeInvis +     - Unarmed
rCold    . . .     Faith    .   (shield unavailable)
rNeg     . . .     Spirit   .   (armour unavailable)
rPois    .         Reflect  .   (helmet unavailable)
rElec    .         Harm     .   (cloak unavailable)
rCorr    .         Rampage  .   (gloves unavailable)
Will     .....                  (boots unavailable)
Stlth    +++.......             (no amulet)
HPRegen  0.03/turn              (no ring)
MPRegen  0.08/turn              (no ring)

@: quick
A: very small, claws 1, fangs 3, see invisible, speed 1, shaggy fur 1, stealthy
paws, no weapons or thrown items, no armour, multi-lived
a: no special abilities


You were on level 5 of the Dungeon.
You visited 1 branch of the dungeon, and saw 1 of its levels.

You collected 8 gold pieces.

Inventory:

Wands
 e - a wand of digging (3)
Scrolls
 a - a scroll of fog
 b - a scroll of magic mapping
 c - a scroll of fear
Potions
 d - a potion of haste
 f - a potion of brilliance {unknown}


   Skills:
 + Level 3.0 Fighting
 + Level 2.7 Dodging
 + Level 6.6 Stealth
 + Level 2.0 Unarmed Combat
 + Level 0.1 Spellcasting
 + Level 0.1 Transmutations


You couldn't memorise any spells.
You didn't know any spells.
Your spell library contained the following spells:

 Spells                   Type           Power      Damage    Failure   Level
 Beastly Appendage        Tmut           0%         N/A       32%         1
 Wereblood                Tmut           0%         N/A       45%         2
 Spider Form              Tmut/Pois      0%         N/A       71%         3


Dungeon Overview and Level Annotations

Branches:
Dungeon (5/15)
 Temple: D:4-7

Altars:


Innate Abilities, Weirdness & Mutations

You have sharp claws.
You have razor-sharp teeth.
You have supernaturally acute eyesight. (SInv)
You cover ground quickly. (Speed+)
You are covered in fur. (AC +1)
Your paws help you pounce on unaware monsters.
You are incapable of wielding weapons or throwing items.
You cannot wear armour.
You gain extra lives every three experience levels.


Message History

The adder skeleton barely misses you.
A scorpion comes into view.
The adder skeleton closely misses you.
You barely miss the adder skeleton.
The adder skeleton is moderately damaged.
The adder skeleton bites you but does no damage.
You completely miss the adder skeleton.
The adder skeleton is moderately damaged.
The adder skeleton completely misses you.
You scratch the adder skeleton. You bite the adder skeleton.
The adder skeleton is almost destroyed.
The adder skeleton bites you but does no damage.
You barely miss the adder skeleton.
You bite the adder skeleton, but do no damage.
The adder skeleton is almost destroyed.
The adder skeleton barely misses you.
You scratch the adder skeleton.
You destroy the adder skeleton!
The scorpion completely misses you.
You scratch the scorpion.
The scorpion is lightly wounded.
The scorpion completely misses you.
You scratch the scorpion. Your bite misses the scorpion.
The scorpion is lightly wounded.
The scorpion barely misses you.
A jelly comes into view.
A howler monkey zombie comes into view.
A scorpion zombie comes into view.
You see here a fizzy yellow potion.
f - a fizzy yellow potion The jelly quivers.
You scratch the jelly.
Your paws burn!
The jelly is lightly wounded.
The jelly hits you but does no damage.
You scratch the jelly.
Your paws burn!
* * * LOW HITPOINT WARNING * * *
The jelly is moderately wounded.
The scorpion stings you.
Ouch! That really hurt!
You die...

.............#
..............#
.......Z.......#
...Z...........#
...............#
..............#
.................J...#
................@....#
................s....#
.....................#
...).................#
.....................#
.....................#
..(..................#
.....................#
.....................#


You could see a scorpion, a jelly, a scorpion zombie and a howler monkey zombie.

Vanquished Creatures
  An adder skeleton (D:5)
1 creature vanquished.

Notes
Turn   | Place    | Note
-------+----------+-------------------------------------------
     0 | D:5      | Descartes the Felid Delver began the quest for the Orb.
     0 | D:5      | Reached XP level 1. HP: 10/10 MP: 2/2
    81 | D:5      | Noticed a scorpion
   115 | D:5      | Noticed a jelly
   122 | D:5      | Slain by a scorpion

Illustrated notes

Levels and vault maps discovered:
D:5:      minmay_evil_eye, layout_basic, lemuel_crystal_altar, okawaru_trees_2

Action                   || total
-------------------------++-------
Melee: Unarmed           ||    12
       Bite              ||     2
Armor: Skin              ||     3
Dodge: Dodged            ||     9
